AoeStats
← bau

Arena

503947903Analyzed
1v1 RM · 1mo ago on Sep 3, 2026· 24m 35s· 2 players
Game mode
Random Map
Map size
Tiny (2 player)
Population
200
Speed
Normal
Resources
Standard
Victory
Conquest
Starting age
Dark Age
Ending age
Imperial Age
RankedLock teamsTeams togetherTeam positionsShared explorationLock speedFull tech treeHidden civsTurbo modeCheats
Victory
Defeat
🇦🇷 Celts · Argentina
1001
+16
🇨🇳 Jurchens · China
1003
-16
bau
6:42 Loom
9:03 Feudal Age
16:39 Castle Age
15:02 Horse Collar
15:08 Double-Bit Axe
24:02 Forging
23:58 Scale Mail Armor
Ysuixin
10:56 Feudal Age
11:27 Double-Bit Axe
11:25 Horse Collar
16:28 Castle Age
14:58 Stone Mining
15:33 Gold Mining
16:57 Loom
19:46 Murder Holes
20:27 Fletching
22:16 Bodkin Arrow
Connection lost

Rejoining the realm…

Still unreachable

The connection could not be restored.

Session expired

The server has moved on; the page needs a fresh start.